 Dungeon Sprint DCSS version 0.31-a0-931-g7b59d4eb97 (webtiles) character file.

Game seed: 10506891973640067267

2592 sircluck the Grappler (level 9, -3/105 HPs)
             Began as a Troll Berserker on Oct 19, 2023.
             Was a High Priest of Trog.
             Slain by an orc warrior
             ... wielding a +0 halberd
             ... led by an orc high priest
              (10 damage)
             ... in the Dungeon (Sprint VII: "The Pits").
             The game lasted 00:01:02 (299 turns).

sircluck the Grappler (Troll Berserker)              Turns: 299, Time: 00:01:02

Health: -3/105     AC:  4    Str: 31    XL:     9   Next: 33%
Magic:  8/8        EV: 12    Int:  3    God:    Trog [*****.]
Gold:   0          SH:  0    Dex:  9    Spells: 8/8 levels left

rFire   . .          .
                       - Unarmed
rCold   . . .        (no shield)
rNeg    . . .        a - +0 animal skin
rPois   .            (helmet restricted)
rElec   .            (no cloak)
rCorr   .            (gloves unavailable)
SInv    .            (boots unavailable)
Will    .....        (no amulet)
Stlth   +            (no ring)
HPRegen 1.17/turn    (no ring)
MPRegen 0.11/turn

%: no teleportation
@: on berserk cooldown, slowed, very slow
A: large, unfitting armour, claws 3, regeneration 1, shaggy fur 1, tough skin 1
a: Renounce Religion, Berserk, Trog's Hand, Brothers in Arms


You were in the Dungeon.
You worshipped Trog.
Trog was extremely pleased with you.
You visited 1 branch

Inventory:

Missiles
 k - 5 large rocks (quivered)
Armour
 a - a +0 animal skin (worn)
Scrolls
 g - a scroll of blinking
 i - 2 scrolls of vulnerability
 j - a scroll of summoning
Potions
 b - 6 potions of curing
 c - 6 potions of heal wounds
 d - a potion of haste
 e - 4 potions of magic
 f - 3 potions of berserk rage
 h - 2 potions of invisibility


   Skills:
 + Level 11.0 Fighting
 + Level 10.9 Dodging
 + Level 12.8 Unarmed Combat


You had 8 spell levels left.
You didn't know any spells.
Your spell library was empty.

Dungeon Overview and Level Annotations

Branches:
Dungeon (1/1)

Altars:
Ashenzari
Cheibriados
Dithmenos
Elyvilon
Fedhas
Gozag
Hepliaklqana
Kikubaaqudgha
Makhleb
Nemelex Xobeh
Okawaru
Qazlal
Ru
Sif Muna
Trog
Uskayaw
Vehumet
Wu Jian
Xom
Yredelemnul
Zin
The Shining One
Jiyva
Lugonu


Innate Abilities, Weirdness & Mutations

You are too large for most types of armour.
You have claws for hands.
Your natural rate of healing is unusually fast.
You are covered in fur. (AC +1)
You have tough skin. (AC +1)


Message History

Joseph is almost dead.
Joseph closely misses you. The centaur hits you.
The centaur closely misses you.
You closely miss Joseph.
Joseph is almost dead.
The orc warrior hits you with a +0 halberd!
The orc warrior barely misses you. The centaur hits you.
The centaur kicks you but does no damage.
You mangle Joseph!!
You kill Joseph!
Trog accepts your kill. The centaur barely misses you.
The centaur kicks you but does no damage.
Unknown command.
Unknown command.
You scratch the centaur but do no damage.
The orc warrior closely misses you.
The orc warrior hits you with a +0 halberd!!
You mangle the centaur!!
The centaur is almost dead.
The centaur hits you. The centaur barely misses you.
You mangle the centaur!!
You kill the centaur!
Trog accepts your kill.
You are no longer berserk.
You are exhausted.
You feel yourself slow down. The orc warrior barely misses you.
The orc warrior hits you with a +0 glaive!
* * * LOW HITPOINT WARNING * * *
Your Fighting skill increases to level 11!
Unknown command.
You scratch the orc warrior but do no damage.
The orc warrior hits you with a +0 glaive.
* * * LOW HITPOINT WARNING * * *
The orc warrior completely misses you.
You closely miss the orc warrior.
The orc warrior hits you with a +0 glaive!!
* * * LOW HITPOINT WARNING * * *
The orc warrior hits you with a +0 halberd!
You die...

#.#..###)####.......#
#.##'#.....##...<...#
#.#........##.......#
#.#........##.......#
#'###########.......#
#.......#..##########
#.......#.######
#...#...#)#)...#
#..###..#§#@...#
#...#.†.#))oo..+
#.......#†#)...#
#.......'.#....#
################


You could see 2 orc warriors.

Vanquished Creatures
  An orc high priest (D)
  2 orc sorcerers (D)
  A cyclops (D)
  Joseph (D)
  A floating eye (D)
  A black bear (D)
  A centaur (D)
  A phantom (D)
  2 scorpions (D)
  A gnoll bouda (D)
  3 gnolls (D)
  2 adders (D)
  A river rat (D)
  An ufetubus (D)
  An orc (D)
  A hobgoblin (D)
  2 jackals (D)
  A kobold (D)
  A ball python zombie (D)
  A bat (D)
  A frilled lizard (D)
27 creatures vanquished.

Notes
Turn   | Place    | Note
-------+----------+-------------------------------------------
     0 | D        | sircluck the Troll Berserker began the quest for the Orb.
     0 | D        | Reached XP level 1. HP: 22/22 MP: 0/0
    19 | D        | Found a bloodstained altar of Trog.
    19 | D        | Found a shimmering blue altar of Sif Muna.
    19 | D        | Found a viscous altar of Jiyva.
    19 | D        | Found a hazy altar of Hepliaklqana.
    19 | D        | Found an opulent altar of Gozag.
    20 | D        | Found a glowing golden altar of the Shining One.
    20 | D        | Found a glowing silver altar of Zin.
    20 | D        | Found a basalt altar of Yredelemnul.
    20 | D        | Found a shimmering altar of Xom.
    20 | D        | Found an ornate altar of the Wu Jian Council.
    20 | D        | Found a sacrificial altar of Ru.
    20 | D        | Found a stormy altar of Qazlal.
    20 | D        | Found an iron altar of Okawaru.
    20 | D        | Found a sparkling altar of Nemelex Xobeh.
    20 | D        | Found a burning altar of Makhleb.
    20 | D        | Found a blossoming altar of Fedhas.
    20 | D        | Found a white marble altar of Elyvilon.
    20 | D        | Found a shadowy altar of Dithmenos.
    20 | D        | Found a snail-covered altar of Cheibriados.
    22 | D        | Found a radiant altar of Vehumet.
    22 | D        | Found a corrupted altar of Lugonu.
    23 | D        | Found a hide-covered altar of Uskayaw.
    23 | D        | Found an ancient bone altar of Kikubaaqudgha.
    23 | D        | Found a broken altar of Ashenzari.
    58 | D        | Reached ** piety under Trog
    83 | D        | Reached skill level 4 in Unarmed Combat
    83 | D        | Reached XP level 2. HP: 21/31 MP: 1/1
   104 | D        | Noticed a phantom
   108 | D        | Reached *** piety under Trog
   112 | D        | Reached XP level 3. HP: 35/39 MP: 2/2
   114 | D        | Killed a phantom
   115 | D        | Reached skill level 5 in Fighting
   115 | D        | Reached skill level 5 in Dodging
   115 | D        | Reached skill level 6 in Unarmed Combat
   115 | D        | Reached XP level 4. HP: 43/50 MP: 3/3
   164 | D        | Noticed a black bear
   176 | D        | Killed a black bear
   176 | D        | Reached **** piety under Trog
   177 | D        | Reached skill level 7 in Unarmed Combat
   177 | D        | Reached XP level 5. HP: 46/59 MP: 4/4
   195 | D        | Noticed a floating eye
   201 | D        | Paralysed by a floating eye for 4 turns
   211 | D        | Paralysed by a floating eye for 2 turns
   214 | D        | Killed a floating eye
   214 | D        | Reached ***** piety under Trog
   215 | D        | Reached skill level 8 in Unarmed Combat
   215 | D        | Reached XP level 6. HP: 68/68 MP: 5/5
   240 | D        | Noticed a cyclops
   247 | D        | Killed a cyclops
   248 | D        | Reached skill level 10 in Unarmed Combat
   248 | D        | Reached XP level 7. HP: 81/81 MP: 6/6
   267 | D        | Received a gift from Trog
   278 | D        | Noticed Joseph
   278 | D        | Noticed an orc high priest
   278 | D        | Noticed an orc sorcerer
   278 | D        | Noticed an orc sorcerer
   280 | D        | Killed an orc sorcerer
   281 | D        | Reached skill level 11 in Unarmed Combat
   281 | D        | Reached XP level 8. HP: 92/92 MP: 7/7
   281 | D        | Noticed a sun demon
   281 | D        | Killed an orc sorcerer
   282 | D        | Reached skill level 10 in Fighting
   283 | D        | Noticed a hellwing
   286 | D        | Killed an orc high priest
   287 | D        | Reached skill level 10 in Dodging
   287 | D        | Reached skill level 12 in Unarmed Combat
   287 | D        | Reached XP level 9. HP: 102/102 MP: 8/8
   294 | D        | Killed Joseph
   299 | D        | Slain by an orc warrior

Illustrated notes

Levels and vault maps discovered:
D:        pitsprint [storerooms_1, entrance_room_1, metal_vault_4, armoury_1,
          mini_pit_1, grid_room_1, main_hall_1, silver_pit, the_coven_1,
          the_vestibule_1, steel_vault_3, golden_pit, hallway_of_sentries,
          crystal_vault_1, iron_vault_2, final_vault]

Skill      XL: |  1  2  3  4  5  6  7  8  9 |
---------------+----------------------------+-----
Fighting       | 3 5 6 8 9 10 11 | 11.0
Dodging        | 3 5 6 8 9 10 | 10.9
Unarmed Combat | 4 6 7 8 10 11 12 | 12.8

Action                     |  1- 3 |  4- 6 |  7- 9 || total
---------------------------+-------+-------+-------++-------
  Melee: Unarmed           |    32 |    22 |    36 ||    90
         Punch             |       |       |     1 ||     1
 Invoke: Berserk           |       |       |     1 ||     1
 Armour: Animal skin       |    19 |    19 |    26 ||    64
  Dodge: Dodged            |    19 |     6 |    29 ||    54

Table legend: (Time is in decaauts)
 A = Elapsed time spent in this place.
 B = Non-inter-level travel time spent in this place.
 C = Inter-level travel time spent in this place.
 D = Time resting spent in this place.
 E = Time spent auto-exploring this place.
 F = Levels seen in this place.
 G = Mean time per level.
                   A        B        C        D        E       F      G
               +--------+--------+--------+--------+--------+-----+--------+
         Total |    282 |    282 |      0 |      0 |    125 |   1 |  282.0 |
       Dungeon |    282 |    282 |      0 |      0 |    125 |   1 |  282.0 |
               +--------+--------+--------+--------+--------+-----+--------+

Top non-repeatable levels by time:
       D: 282 daAuts
